 Dungeon Crawl Stone Soup version 0.29.1-13-g9f3cf754e1 (webtiles) character file.

Game seed: 7756073985839004299

14592 leafyfresh the Covert (level 12, -24/97 HPs)
             Began as a Gnoll Delver on Feb 7, 2023.
             Was a High Priest of Okawaru.
             Annihilated by an enormous slime creature (58 damage)
             ... on level 12 of the Dungeon.
             The game lasted 00:42:32 (16590 turns).

leafyfresh the Covert (Gnoll Delver)               Turns: 16590, Time: 00:42:33

Health: -24/97     AC: 26    Str: 12    XL:     12   Next: 18%
Magic:  16/22      EV: 16    Int: 10    God:    Okawaru [*****.]
Gold:   720        SH:  5    Dex: 18    Spells: 12/25 levels left

rFire   . . .      SeeInvis .   u - +6 whip (holy)
rCold   . . .      Faith    .   (no shield)
rNeg    + . .      Spirit   .   h - +6 scale mail of Zoummas {rN+}
rPois   .          Reflect  +   Q - +2 hat {Stlth+}
rElec   .          Harm     .   t - +0 cloak
rCorr   .          Rampage  .   C - +0 pair of gloves
Will    .....                   W - +0 pair of boots
Stlth   ++++++....              k - amulet of reflection
HPRegen 0.26/turn               n - +4 ring of protection
MPRegen 0.18/turn               Y - ring of wizardry

@: heroic
A: fangs 1, strong nose, distributed training
a: Renounce Religion, Heroism, Finesse, Duel


You were on level 12 of the Dungeon.
You worshipped Okawaru.
Okawaru was extremely pleased with you.
You visited 2 branches of the dungeon, and saw 14 of its levels.

You collected 798 gold pieces.
You spent 78 gold pieces at shops.

Inventory:

Hand Weapons
 u - a +6 whip of holy wrath (weapon)
 S - a +0 vorpal shortbow
 U - the +3 long sword of Fortitude {vorpal, Contam rPois rF+}
   (You found it on level 9 of the Dungeon)

   It inflicts extra damage upon your enemies.
   rF:        It protects you from fire.
   rPois:     It protects you from poison.
   Contam:    It causes magical contamination when unequipped.
Missiles
 l - 4 silver javelins (quivered)
Armour
 h - the +6 scale mail of Zoummas (worn) {rN+}
   (You found it on level 7 of the Dungeon)

   rN:        It protects you from negative energy.
 t - a +0 cloak (worn)
 C - a +0 pair of gloves (worn)
 J - an orb of guile
 K - a +3 scale mail of fire resistance
 Q - a +2 hat of stealth (worn)
 W - a +0 pair of boots (worn)
Jewellery
 k - an amulet of reflection (around neck)
 n - a +4 ring of protection (left hand)
 s - a ring of resist corrosion
 y - an amulet of guardian spirit
 B - a +4 ring of protection
 M - an amulet of regeneration
 R - a +4 ring of evasion
 X - a +4 ring of evasion
 Y - a ring of wizardry (right hand)
Wands
 g - a wand of digging (12)
 A - a wand of roots (6)
 I - a wand of mindburst (12)
 N - a wand of polymorph (14)
 T - a wand of acid (8)
Scrolls
 c - a scroll of fog
 d - 4 scrolls of magic mapping
 e - 4 scrolls of fear
 j - a scroll of silence
 q - a scroll of vulnerability
 v - a scroll of torment
 w - 3 scrolls of amnesia
 E - 6 scrolls of teleportation
 F - a scroll of poison
 G - 2 scrolls of enchant weapon
 H - 2 scrolls of immolation
 V - 2 scrolls of blinking
Potions
 a - a potion of cancellation {unknown}
 b - 2 potions of might {unknown}
 f - 2 potions of haste
 i - 2 potions of curing
 m - a potion of degeneration {unknown}
 o - 5 potions of brilliance
 p - 5 potions of flight {unknown}
 r - a potion of magic {unknown}
 x - 5 potions of berserk rage {unknown}
 z - 3 potions of heal wounds {unknown}
 D - 3 potions of lignification {unknown}
 L - a potion of mutation {unknown}
 P - 2 potions of ambrosia {unknown}
Miscellaneous
 O - a tin of tremorstones (2/2)


   Skills:
 + Level 9.9(14.9) Fighting
 + Level 7.3(12.3) Short Blades
 + Level 7.3(12.3) Long Blades
 + Level 7.3(12.3) Axes
 + Level 7.3(12.3) Maces & Flails
 + Level 8.7(13.7) Polearms
 + Level 7.3(12.3) Staves
 + Level 7.3(12.3) Ranged Weapons
 + Level 7.3(12.3) Throwing
 + Level 7.3(12.3) Armour
 + Level 8.7(13.7) Dodging
 + Level 12.0(17.0) Stealth
 + Level 7.3(12.3) Shields
 + Level 7.3(12.3) Unarmed Combat
 + Level 7.3 Spellcasting
 + Level 6.0 Conjurations
 + Level 6.0 Hexes
 + Level 6.0 Summonings
 + Level 6.0 Necromancy
 + Level 6.0 Translocations
 + Level 6.0 Transmutations
 + Level 6.0 Fire Magic
 + Level 6.0 Ice Magic
 + Level 6.0 Air Magic
 + Level 6.0 Earth Magic
 + Level 6.0 Poison Magic
 + Level 8.0 Invocations
 + Level 7.3 Evocations


You had 12 spell levels left.
You knew the following spells:

 Your Spells              Type           Power      Damage    Failure   Level
a - Blink                 Tloc           30%        N/A       3%          2
b - Mephitic Cloud        Conj/Pois/Air  15%        N/A       6%          3
c - Ignite Poison         Fire/Tmut/Pois 15%        N/A       6%          3
d - Passwall              Tmut/Erth      12%        N/A       3%          2
e - Stone Arrow           Conj/Erth      30%        3d8       6%          3

Your spell library contained the following spells:

 Spells                   Type           Power      Damage    Failure   Level
 Sandblast                Erth           30%        2d9       2%          1
 Confusing Touch          Hex            15%        N/A       6%          3
 Ozocubu's Armour         Ice            15%        N/A       6%          3
 Borgnjor's Vile Clutch   Necr/Erth      7%         N/A       47%         5
 Freezing Cloud           Conj/Ice/Air   7%         6-21      47%         5
 Manifold Assault         Tloc           15%        N/A       47%         5
 Yara's Violent Unravell  Hex/Tmut       7%         3d5       47%         5
 Enfeeble                 Hex            7%         N/A       100%        7
 Ozocubu's Refrigeration  Ice            7%         4d9       100%        7
 Storm Form               Tmut/Air       7%         N/A       100%        7
 Animate Dead             Necr           Unusable   N/A       N/A         4
 Death Channel            Necr           Unusable   N/A       N/A         6

Dungeon Overview and Level Annotations

Branches:
Dungeon (13/15)            Temple (1/1) D:4            Lair (0/5) D:10
    Orc (0/2) D:10         Vaults (0/5) D:13

Altars:
Ashenzari
Cheibriados
Dithmenos
Elyvilon
Fedhas
Gozag
Hepliaklqana
Kikubaaqudgha
Makhleb
Nemelex Xobeh
Okawaru
Qazlal
Ru
Sif Muna
Trog
Uskayaw
Vehumet
Wu Jian
Xom
Yredelemnul
Zin
The Shining One

Shops:
D:5 (   D:8 ?   D:13 ?


Innate Abilities, Weirdness & Mutations

You have very sharp teeth.
Your uncanny sense of smell can sniff out nearby items.
Your experience applies equally to all skills.


Message History

The very large slime creature is severely wounded.
You whack the very large slime creature!
The very large slime creature is severely wounded.
The very large slime creature barely misses you.
You whack the very large slime creature!
The very large slime creature is severely wounded.
Two slime creatures merge to form an enormous slime creature.
You hit the enormous slime creature.
The enormous slime creature is heavily wounded.
You hit the enormous slime creature.
The enormous slime creature is heavily wounded.
You whack the enormous slime creature!
The enormous slime creature is severely wounded.
The enormous slime creature closely misses you.
You whack the enormous slime creature!
The enormous slime creature is severely wounded.
Unknown command.
You hit the enormous slime creature.
The enormous slime creature is severely wounded.
The enormous slime creature hits you but does no damage.
You whack the enormous slime creature!
The enormous slime creature is severely wounded.
You whack the enormous slime creature!
The enormous slime creature is severely wounded.
You block the enormous slime creature's attack.
You whack the enormous slime creature!
The enormous slime creature is severely wounded.
You whack the enormous slime creature!
The enormous slime creature is almost dead.
The enormous slime creature hits you!!!
Ouch! That really hurt!
You hit the enormous slime creature. You punch the enormous slime creature.
The enormous slime creature is almost dead.
Unknown command.
You barely miss the enormous slime creature.
Your bite misses the enormous slime creature.
The enormous slime creature is almost dead.
The enormous slime creature hits you!!!
Ouch! That really hurt!
You die...

#.# #.. ...... #.# ###
∆...... ##.# #.....
#..# ###..#.# ∆ #^#
#....#.# #.# ##.##.#.#
#.# ##.#.#.#.# #.#
##J###....# #[# #@##
#....# #.#
##.###...####.
##########.#
#..#.........
...........##
#.....#######
#######.###.#####...#.#
#.## ##........#.# #.#
#........#.# #.##
##..#######.# ###
##.###.#.# #.#


You could see an enormous slime creature.

Vanquished Creatures
  A boulder beetle (D:11)
  2 centaur warriors
  A two-headed ogre (D:10)
  A tengu warrior (D:8)
  Amaemon (D:8)
  A manticore (D:12)
  An ugly thing (D:12)
  A cyclops (D:12)
  An orange demon (D:8)
  An unseen horror (D:12)
  8 trolls
  A hornet (D:10)
  2 slime creatures
  3 shadows
  A wraith (D:11)
  7 yaks
  A steam dragon (D:9)
  4 vampire mosquitoes
  Grum (D:8)
  2 water moccasins
  A black bear (shapeshifter) (D:8)
  2 black bears
  An ogre (D:7)
  3 sky beasts
  An ice beast (D:8)
  4 wolves (D:8)
  5 centaurs
  2 phantoms
  2 kobold brigands
  A necrophage (D:9)
  A gnoll sergeant (D:11)
  4 scorpions
  14 wights
  4 killer bees (D:10)
  7 howler monkeys
  2 bullfrog zombies (D:4)
  5 hounds
  A quasit (D:8)
  2 jellies
  A gnoll bouda (D:5)
  5 orc priests
  4 iguanas
  7 orc wizards
  2 human simulacra (D:12)
  7 gnolls
  6 adders
  2 shadow imps (D:8)
  3 white imps (D:8)
  3 ufetubi
  2 adder zombies (D:4)
  3 worms
  2 dart slugs
  34 orcs
  2 bats
  8 endoplasms
  4 giant cockroaches
  4 hobgoblins
  8 jackals
  4 quokkas
  5 ball pythons
  3 frilled lizards
  12 goblins
  23 kobolds
  4 rats
261 creatures vanquished.

Vanquished Creatures (others)
  A dancing weapon (D:13)
  7 demonic plants (D:8)
  10 plants (D:8)
18 creatures vanquished.

Grand Total: 279 creatures vanquished

Notes
Turn   | Place    | Note
-------+----------+-------------------------------------------
     0 | D:5      | Reached skill level 9 in Stealth
     0 | D:5      | leafyfresh the Gnoll Delver began the quest for the Orb.
     0 | D:5      | Reached XP level 1. HP: 23/23 MP: 1/1
     9 | D:5      | Noticed a jelly
    11 | D:5      | Noticed a hound
    53 | D:4      | Noticed a howler monkey
    75 | D:3      | Reached XP level 2. HP: 24/29 MP: 2/2
   918 | D:1      | Reached XP level 3. HP: 35/35 MP: 3/3
  1431 | D:2      | Reached skill level 1 in Invocations
  1787 | D:2      | Reached skill level 1 in Short Blades
  1787 | D:2      | Reached skill level 1 in Long Blades
  1787 | D:2      | Reached skill level 1 in Axes
  1787 | D:2      | Reached skill level 1 in Maces & Flails
  1787 | D:2      | Reached skill level 1 in Staves
  1787 | D:2      | Reached skill level 1 in Ranged Weapons
  1787 | D:2      | Reached skill level 1 in Throwing
  1787 | D:2      | Reached skill level 1 in Armour
  1787 | D:2      | Reached skill level 1 in Shields
  1787 | D:2      | Reached skill level 1 in Unarmed Combat
  1787 | D:2      | Reached skill level 1 in Spellcasting
  1787 | D:2      | Reached skill level 1 in Evocations
  2010 | D:2      | Found a faded altar of an unknown god.
  2126 | D:2      | Reached XP level 4. HP: 32/41 MP: 5/5
  2458 | D:3      | Found a sacrificial altar of Ru.
  2478 | D:3      | Reached skill level 1 in Conjurations
  2478 | D:3      | Reached skill level 1 in Hexes
  2478 | D:3      | Reached skill level 1 in Summonings
  2478 | D:3      | Reached skill level 1 in Necromancy
  2478 | D:3      | Reached skill level 1 in Translocations
  2478 | D:3      | Reached skill level 1 in Transmutations
  2478 | D:3      | Reached skill level 1 in Fire Magic
  2478 | D:3      | Reached skill level 1 in Ice Magic
  2478 | D:3      | Reached skill level 1 in Air Magic
  2478 | D:3      | Reached skill level 1 in Earth Magic
  2478 | D:3      | Reached skill level 1 in Poison Magic
  2791 | D:3      | Found a sparkling altar of Nemelex Xobeh.
  2791 | D:3      | Found a broken altar of Ashenzari.
  3089 | D:4      | Noticed a centaur
  3249 | D:4      | Reached XP level 5. HP: 47/47 MP: 5/7
  3307 | D:4      | Killed a centaur
  3311 | D:4      | Reached skill level 5 in Polearms
  3311 | D:4      | Reached skill level 5 in Dodging
  3311 | D:4      | Reached XP level 6. HP: 46/53 MP: 8/8
  3440 | D:4      | Found a basalt altar of Yredelemnul.
  3464 | D:4      | Found a staircase to the Ecumenical Temple.
  3516 | D:4      | Found a hide-covered altar of Uskayaw.
  3556 | Temple   | Entered the Ecumenical Temple
  3574 | Temple   | Became a worshipper of Warmaster Okawaru
  3752 | D:4      | Reached XP level 7. HP: 60/60 MP: 10/10
  3769 | D:4      | Found a bloodstained altar of Trog.
  4011 | D:4      | Found a shimmering blue altar of Sif Muna.
  4769 | D:5      | Found Coubo's Weapon Shoppe.
  4896 | D:5      | Reached * piety under Okawaru
  4897 | D:5      | Reached skill level 10 in Stealth
  5343 | D:5      | Reached XP level 8. HP: 65/67 MP: 12/12
  5377 | D:5      | Found a white marble altar of Elyvilon.
  5723 | D:6      | Found an opulent altar of Gozag.
  5897 | D:6      | Found a glowing silver altar of Zin.
  5945 | D:6      | Reached ** piety under Okawaru
  5984 | D:6      | Found a glowing golden altar of the Shining One.
  6544 | D:6      | Found a burning altar of Makhleb.
  6923 | D:7      | Reached XP level 9. HP: 69/70 MP: 14/14
  6974 | D:7      | Identified the +6 scale mail of Zoummas {rN+}
  7608 | D:7      | Reached *** piety under Okawaru
  7797 | D:8      | Found Uqep's Magic Scroll Emporium.
  7834 | D:8      | Bought a scroll of teleportation for 39 gold pieces
  7834 | D:8      | Bought a scroll of teleportation for 39 gold pieces
  7875 | D:8      | Noticed Grum
  7897 | D:8      | Reached skill level 5 in Invocations
  7919 | D:8      | Killed Grum
  7935 | D:8      | Received a gift from Okawaru
  8315 | D:8      | Noticed a troll
  8332 | D:8      | Killed a troll
  8333 | D:8      | Reached skill level 5 in Short Blades
  8333 | D:8      | Reached skill level 5 in Long Blades
  8333 | D:8      | Reached skill level 5 in Axes
  8333 | D:8      | Reached skill level 5 in Maces & Flails
  8333 | D:8      | Reached skill level 5 in Staves
  8333 | D:8      | Reached skill level 5 in Ranged Weapons
  8333 | D:8      | Reached skill level 5 in Throwing
  8333 | D:8      | Reached skill level 5 in Armour
  8333 | D:8      | Reached skill level 5 in Shields
  8333 | D:8      | Reached skill level 5 in Unarmed Combat
  8333 | D:8      | Reached skill level 5 in Spellcasting
  8333 | D:8      | Reached skill level 5 in Evocations
  8333 | D:8      | Reached XP level 10. HP: 50/81 MP: 17/17
  8334 | D:8      | Noticed a tengu warrior
  8353 | D:8      | Noticed a centaur warrior
  8595 | D:8      | Noticed a two-headed ogre
  9250 | D:9      | Identified the +3 long sword of Fortitude {vorpal, Contam
                  | rPois rF+}
  9341 | D:9      | Found a snail-covered altar of Cheibriados.
  9368 | D:9      | Reached **** piety under Okawaru
  9629 | D:9      | Reached skill level 11 in Stealth
 10032 | D:9      | Learned a level 2 spell: Blink
 10045 | D:10     | Entered Level 10 of the Dungeon
 10056 | D:10     | Found a staircase to the Lair.
 10089 | D:10     | Noticed a two-headed ogre
 10104 | D:10     | Received a gift from Okawaru
 10111 | D:10     | Killed a two-headed ogre
 10269 | D:10     | Reached ***** piety under Okawaru
 10330 | D:10     | Found a staircase to the Orcish Mines.
 11072 | D:10     | Reached skill level 5 in Conjurations
 11072 | D:10     | Reached skill level 5 in Hexes
 11072 | D:10     | Reached skill level 5 in Summonings
 11072 | D:10     | Reached skill level 5 in Necromancy
 11072 | D:10     | Reached skill level 5 in Translocations
 11072 | D:10     | Reached skill level 5 in Transmutations
 11072 | D:10     | Reached skill level 5 in Fire Magic
 11072 | D:10     | Reached skill level 5 in Ice Magic
 11072 | D:10     | Reached skill level 5 in Air Magic
 11072 | D:10     | Reached skill level 5 in Earth Magic
 11072 | D:10     | Reached skill level 5 in Poison Magic
 11072 | D:10     | Reached XP level 11. HP: 37/89 MP: 5/20
 11769 | D:8      | Killed a tengu warrior
 11868 | D:8      | Noticed Amaemon
 11892 | D:8      | Killed Amaemon
 12376 | D:8      | Killed a centaur warrior
 12697 | D:8      | Learned a level 3 spell: Mephitic Cloud
 12701 | D:8      | Learned a level 3 spell: Ignite Poison
 12704 | D:8      | Learned a level 2 spell: Passwall
 12708 | D:8      | Learned a level 3 spell: Stone Arrow
 13283 | D:11     | Received a gift from Okawaru
 13569 | D:11     | Noticed a boulder beetle
 13612 | D:11     | Killed a boulder beetle
 13885 | D:11     | Noticed a centaur warrior
 13914 | D:11     | Killed a centaur warrior
 14258 | D:12     | Noticed a manticore
 14569 | D:12     | Noticed a brown ugly thing
 14581 | D:12     | Killed a brown ugly thing
 14663 | D:12     | Noticed a cyclops
 14958 | D:12     | Killed a cyclops
 14959 | D:12     | Reached XP level 12. HP: 97/97 MP: 7/22
 15068 | D:13     | Found a gate to the Vaults.
 15084 | D:13     | Noticed a centaur warrior
 15136 | D:13     | Found Ynynod's Magic Scroll Shop.
 15139 | D:13     | Noticed a centaur warrior
 16243 | D:12     | Reached skill level 12 in Stealth
 16590 | D:12     | Annihilated by an enormous slime creature

Illustrated notes

Levels and vault maps discovered:
D:1:      dpeg_arrival_rhombus, layout_basic
D:2:      layout_basic, shapermc_ecumenical_altar_ellora
D:3:      layout_loops_ring, mainiacjoe_overflow_brackets,
          gammafunk_temple_overflow_elements, serial_rivers,
          chequers_serial_rivers_room_b, chequers_serial_rivers_room_b,
          chequers_serial_rivers_micro_b, chequers_serial_rivers_micro_e,
          minmay_misc_feat_alley
D:4:      layout_cave_pools, mainiacjoe_overflow_cross_hatched, tgw_sif,
          nicolae_yredelemnul_corpse_copse, minmay_temple_entry_antechambers,
          minmay_ruined_shrine
D:5:      layout_gridville, mainiacjoe_overflow_alcove_1,
          nicolae_take_the_stairs, minmay_misc_feat_tiny, glass_columns_a,
          minivault_11, serial_bayou_pond_d
D:6:      layout_basic, lemuel_round_altar, marbit_many_paths,
          grunt_gozag_breadcrumbs, mainiacjoe_overflow_24_doors
D:7:      layout_loops_ring, serial_bayou_pond_d, minmay_misc_feat_hallway
D:8:      layout_loops_ring, serial_demonic, serial_demonic_e, serial_demonic_a,
          serial_demonic_b, serial_demonic_g, serial_shops, shop_coins,
          corexii_checkpoint_b, minmay_stone_trees_small,
          minmay_shattered_shrine, uniq_amaemon, uniq_grum
D:9:      layout_basic, mainiacjoe_overflow_paths,
          chequers_serial_rivers_micro_b
D:10:     layout_roguey, lair_entry_dummy, orc_0_dummy
D:11:     layout_long_grid
D:12:     layout_loops_ring, bh_circular_ruins
D:13:     layout_roguey, erik_vaults_1, serial_shops, nicolae_shop_waterfront,
          gauntlet_entry_generic, wad_dig_loot
Temple:   hellmonk_temple_rainy

Skill      XL: |  1  2  3  4  5  6  7  8  9 10 11 12 |
---------------+-------------------------------------+-----
Stealth        | 10 11 12 | 12.0
Invocations    | 1 2 3 4 5 6 7 8 |  8.0
Short Blades   | 1 2 3 5 6 7 |  7.3
Long Blades    | 1 2 3 5 6 7 |  7.3
Axes           | 1 2 3 5 6 7 |  7.3
Maces & Flails | 1 2 3 5 6 7 |  7.3
Staves         | 1 2 3 5 6 7 |  7.3
Ranged Weapons | 1 2 3 5 6 7 |  7.3
Throwing       | 1 2 3 5 6 7 |  7.3
Armour         | 1 2 3 5 6 7 |  7.3
Shields        | 1 2 3 5 6 7 |  7.3
Unarmed Combat | 1 2 3 5 6 7 |  7.3
Spellcasting   | 1 2 3 5 6 7 |  7.3
Evocations     | 1 2 3 5 6 7 |  7.3
Conjurations   | 1 2 3 4 5 6 |  6.0
Hexes          | 1 2 3 4 5 6 |  6.0
Summonings     | 1 2 3 4 5 6 |  6.0
Necromancy     | 1 2 3 4 5 6 |  6.0
Translocations | 1 2 3 4 5 6 |  6.0
Transmutations | 1 2 3 4 5 6 |  6.0
Fire Magic     | 1 2 3 4 5 6 |  6.0
Ice Magic      | 1 2 3 4 5 6 |  6.0
Air Magic      | 1 2 3 4 5 6 |  6.0
Earth Magic    | 1 2 3 4 5 6 |  6.0
Poison Magic   | 1 2 3 4 5 6 |  6.0
Polearms       | 5 6 7 8 |  8.7
Dodging        | 5 6 7 8 |  8.7
Fighting       | 7 8 9 |  9.9

Action                   |  1- 3 |  4- 6 |  7- 9 | 10-12 || total
-------------------------+-------+-------+-------+-------++-------
Melee: Spear             |    73 |       |       |       ||    73
       Bite              |     6 |     8 |    62 |   103 ||   179
       Punch             |     1 |       |    20 |    44 ||    65
       Short sword       |    44 |     7 |   228 |       ||   279
       Whip              |       |    85 |   219 |   687 ||   991
 Fire: Sling             |       |    61 |    15 |       ||    76
Throw: Boomerang         |       |       |       |     5 ||     5
 Cast: Stone Arrow       |       |       |       |    15 ||    15
       Mephitic Cloud    |       |       |       |     9 ||     9
       Passwall          |       |       |       |     1 ||     1
Invok: Heroism           |       |       |     1 |     9 ||    10
       Finesse           |       |       |       |     2 ||     2
Evoke: Wand              |       |       |     1 |       ||     1
  Use: Potion            |       |       |     1 |     3 ||     4
       Scroll            |       |       |    11 |     8 ||    19
 Stab: Sleeping          |    14 |     7 |    10 |     6 ||    37
       Distracted        |     1 |       |       |     3 ||     4
       Confused          |       |       |       |     2 ||     2
Armor: Leather armour    |    19 |    70 |   125 |       ||   214
       Scale mail        |       |       |   101 |   421 ||   522
Dodge: Dodged            |    58 |    93 |   293 |   351 ||   795
Block: Other             |     1 |       |    92 |    68 ||   161
       Reflection        |       |       |       |     4 ||     4
